Map: Blackburn LE

Players

Trap - Winner!

  • Race: Protoss Protoss

DPGDark (Dark)

  • Race: Zerg Zerg
  • League: Master

Event: DreamHack SC2 Masters 2021 Fall

VOD

Have the link to the VOD?

Description

Time

  • Played on: Sept. 11, 2021, 1:26 p.m.
  • Length: 9:11

All games in this series

Show
View Real Time Build Order
Export as new Build Order

Trap Protoss - Winner!

Build Orders: 1 Gate Expand, Oracle Opening, Carriers 

Get SALT Encoding   

  12  0:00  Probe  
  13  0:14  Pylon  
  13  0:17  Probe (Chrono Boost)  
  14  0:26  Probe (Chrono Boost)  
  15  0:31  Probe (Chrono Boost)  
  16  0:40  Gateway  
  16  0:43  Probe  
  16  0:49  Assimilator  
  17  0:55  Probe  
  18  1:07  Probe  
  19  1:19  Probe  
  20  1:26  Nexus  
  20  1:35  Cybernetics Core  
  20  1:38  Probe  
  21  1:47  Assimilator  
  21  1:50  Probe  
  22  1:55  Pylon  
  22  2:02  Probe (Chrono Boost)  
  23  2:12  Adept  
  23  2:14  Probe (Chrono Boost)  
  26  2:18  Stargate  
  27  2:23  Probe (Chrono Boost)  
  27  2:27  Warp Gate  
  27  2:30  Probe (Chrono Boost)  
  28  2:38  Probe (Chrono Boost)  
  28  2:42  Adept  
  32  2:46  Probe (Chrono Boost)  
  32  2:47  Probe (Chrono Boost)  
  33  2:52  Void Ray (Chrono Boost), Probe (Chrono Boost)  
  33  2:53  Probe  
  35  3:04  Probe  
  35  3:05  Probe  
  41  3:12  Pylon  
  41  3:13  Adept  
  41  3:16  Probe  
  41  3:17  Probe  
  45  3:28  Oracle (Chrono Boost)  
  45  3:29  Gateway  
  45  3:33  Probe  
  49  3:35  Probe  
  50  3:44  Pylon  
  50  3:45  Probe  
  50  3:47  Probe  
  52  3:54  Assimilator  
  52  3:55  Assimilator  
  52  3:57  Probe  
  52  3:59  Probe  
  54  4:07  Nexus  
  54  4:11  Probe x2  
  56  4:19  Stargate  
  56  4:22  Pylon  
  56  4:24  Probe  
  56  4:25  Probe  
  56  4:29  Protoss Air Weapons Level 1  
  56  4:30  Void Ray  
  58  4:33  Pylon  
  62  4:40  Probe x2  
  64  4:49  Pylon  
  64  4:50  Forge  
  64  4:52  Probe x2  
  66  4:58  Shield Battery, Void Ray (Chrono Boost)  
  66  5:04  Void Ray (Chrono Boost), Probe x2  
  76  5:16  Probe (Chrono Boost)  
  76  5:19  Probe (Chrono Boost)  
  76  5:21  Probe (Chrono Boost)  
  79  5:27  Probe (Chrono Boost)  
  81  5:28  Probe (Chrono Boost)  
  81  5:31  Void Ray, Probe (Chrono Boost)  
  81  5:32  Probe (Chrono Boost)  
  81  5:33  Probe (Chrono Boost)  
  81  5:34  Void Ray  
  84  5:38  Assimilator x2  
  84  5:40  Probe  
  93  5:48  Probe  
  93  5:49  Probe  
  95  5:50  Shield Battery  
  95  5:53  Pylon, Probe  
  95  5:54  Pylon  
  96  6:03  Fleet Beacon, Stargate  
  96  6:09  Pylon, Probe x3  
  99  6:15  Void Ray  
  99  6:16  Void Ray  
  99  6:25  Zealot x2  
  109  6:32  Photon Cannon  
  111  6:38  Pylon  
  111  6:40  Pylon  
  111  6:41  Pylon  
  111  6:52  Flux Vanes  
  111  6:55  Nexus  
  111  6:58  Probe x3  
  108  7:03  Carrier x2 (Chrono Boost)  
  119  7:09  Carrier (Chrono Boost)  
  123  7:17  Probe x2  
  123  7:18  Probe  
  126  7:24  Gateway  
  126  7:26  Gateway  
  126  7:27  Sentry  
  128  7:30  Pylon  
  128  7:33  Probe x3  
  131  7:45  Photon Cannon  
  131  7:47  Photon Cannon  
  131  7:48  Pylon  
  131  7:50  Carrier (Chrono Boost)  
  131  7:56  Carrier (Chrono Boost)  
  143  8:07  Shield Battery  
  149  8:14  Probe x3  
  149  8:15  Probe  
  149  8:16  Carrier (Chrono Boost)  
  149  8:18  Shield Battery  
  153  8:31  Stargate  
  153  8:32  Assimilator  
  153  8:33  Stargate  
  153  8:34  Assimilator, Probe x2  
  153  8:35  Probe x2  
  161  8:53  Zealot x3  
Show
View Real Time Build Order
Export as new Build Order

DPGDark Zerg 

Build Orders: Hatch First 

Get SALT Encoding   

  12  0:00  Drone  
  13  0:12  Overlord  
  13  0:17  Drone  
  14  0:30  Drone x2  
  16  0:46  Drone x2  
  18  0:55  Hatchery  
  17  0:59  Drone  
  17  1:01  Extractor  
  17  1:15  Spawning Pool  
  17  1:16  Drone  
  17  1:19  Drone  
  18  1:27  Drone  
  19  1:39  Drone  
  20  1:51  Hatchery  
  19  1:56  Drone  
  19  2:00  Drone  
  21  2:03  Metabolic Boost  
  21  2:12  Queen  
  23  2:17  Zergling x2  
  23  2:18  Drone  
  25  2:24  Overlord  
  25  2:27  Drone  
  26  2:32  Drone  
  26  2:35  Overlord  
  27  2:41  Drone  
  28  2:44  Queen  
  30  2:52  Queen  
  30  2:55  Drone  
  33  2:59  Drone  
  33  3:00  Drone  
  35  3:06  Queen  
  35  3:08  Drone  
  35  3:11  Drone  
  39  3:13  Drone  
  39  3:16  Drone  
  39  3:17  Drone  
  42  3:22  Zergling x4  
  42  3:25  Drone x2  
  46  3:32  Overlord  
  46  3:34  Overlord  
  46  3:35  Overlord  
  46  3:50  Overlord  
  46  3:52  Drone x2  
  46  3:55  Evolution Chamber, Zergling x4  
  50  3:56  Drone x2  
  50  3:59  Spore Crawler  
  50  4:01  Spore Crawler  
  50  4:02  Drone x2  
  51  4:04  Queen  
  51  4:06  Drone  
  51  4:08  Drone  
  51  4:09  Drone  
  56  4:12  Drone x2  
  56  4:15  Drone  
  59  4:18  Drone x2  
  59  4:21  Zerg Melee Weapons Level 1  
  61  4:25  Baneling Nest  
  61  4:26  Drone  
  61  4:28  Drone x2  
  63  4:32  Drone x3  
  63  4:37  Overlord, Drone x2  
  68  4:39  Drone  
  68  4:42  Drone  
  68  4:43  Drone x2  
  72  4:46  Drone x2  
  73  4:53  Overlord  
  73  4:55  Overlord  
  73  4:57  Drone, Zergling x4  
  73  4:59  Drone x2  
  79  5:00  Drone, Extractor  
  76  5:07  Hatchery  
  76  5:09  Lair  
  75  5:15  Roach Warren, Drone x3  
  75  5:16  Drone  
  75  5:20  Queen  
  80  5:23  Queen  
  80  5:24  Extractor  
  80  5:26  Extractor  
  80  5:28  Drone x3  
  80  5:31  Extractor  
  80  5:32  Extractor  
  80  5:36  Drone x2  
  80  5:41  Spore Crawler  
  81  5:48  Drone x4  
  84  5:55  Overlord, Queen, Drone x3  
  84  5:56  Drone x2  
  91  5:58  Overlord x2  
  91  5:59  Queen  
  91  6:02  Roach  
  91  6:03  Roach  
  97  6:15  Hatchery  
  97  6:25  Zerg Melee Weapons Level 2  
  95  6:26  Drone x2  
  95  6:28  Hatchery  
  95  6:29  Queen  
  98  6:32  Baneling  
  98  6:33  Baneling x3  
  98  6:34  Queen  
  98  6:35  Queen  
  98  6:38  Roach x6  
  114  6:41  Glial Reconstitution  
  114  6:42  Roach x2  
  118  6:50  Roach x2  
  118  6:51  Overlord  
  120  6:55  Overlord  
  120  6:58  Overlord  
  118  7:04  Queen  
  118  7:07  Nydus Network  
  118  7:08  Roach  
  120  7:09  Overlord  
  120  7:10  Queen  
  120  7:12  Drone x2  
  120  7:15  Evolution Chamber  
  122  7:17  Drone x3  
  122  7:18  Drone x3  
  126  7:24  Ravager  
  126  7:25  Ravager x10  
  126  7:29  Zergling x10  
  142  7:32  Queen  
  142  7:36  Zergling x2  
  142  7:37  Zergling x2  
  146  7:43  Spore Crawler, Drone x2  
  147  7:46  Zergling x16  
  155  7:57  Zergling x2  
  155  7:58  Zergling x6  
  159  8:02  Drone  
  159  8:03  Drone  
  159  8:05  Infestation Pit, Drone  
  160  8:06  Drone x3  
  160  8:08  Overseer, Drone x2, Extractor  
  160  8:09  Extractor  
  160  8:12  Drone  
  165  8:18  Evolution Chamber  
  164  8:20  Drone  
  164  8:26  Baneling x6  
  165  8:30  Hatchery  
  164  8:43  Spore Crawler  
  164  8:44  Spore Crawler x2  
  164  8:45  Spore Crawler  
  164  8:47  Baneling x3  
  164  8:48  Baneling x3  

Tags
 
Add a new tag
Caveats
  • Supply blocks, unpowered buildings, or Contaminate may cause inaccurate times.
  • Supply counts are checked every 10 seconds.